 Dungeon Crawl Stone Soup version 0.30-a0-578-gdee14c521f (webtiles) character file.

Game seed: 2419305268401454745

439 HyperVT the Gusty (level 7, -3/36 HPs)
             Began as a Tengu Air Elementalist on Jan 1, 2023.
             Slain by an ice beast (7 damage)
             ... on level 5 of the Dungeon.
             The game lasted 01:18:14 (6070 turns).

HyperVT the Gusty (Tengu Air Elementalist)          Turns: 6070, Time: 01:18:14

Health: -3/36      AC:  2    Str:  7    XL:     7   Next: 1%
Magic:  5/14       EV: 16    Int: 16    God:
Gold:   151        SH:  0    Dex: 19    Spells: 4/14 levels left

rFire   . . .      SeeInvis .    j - staff of air
rCold   . . .      Faith    .    (no shield)
rNeg    . . .      Spirit   .    a - +0 robe
rPois   +          Reflect  .    (helmet restricted)
rElec   +          Harm     .    (no cloak)
rCorr   .          Rampage  .    (no gloves)
Will    .....                    (boots unavailable)
Stlth   ++                       (no amulet)
HPRegen 0.26/turn                (no ring)
MPRegen 0.14/turn                (no ring)

@: swift, flying quickly and evasively, very quick
A: beak, talons 3, nimble flight, agile 1, poison resistance, sturdy frame 1
a: no special abilities


You were on level 5 of the Dungeon.
You visited 1 branch of the dungeon, and saw 5 of its levels.
You also visited: Sewer.

You collected 175 gold pieces.
You spent 24 gold pieces at shops.

Inventory:

Hand Weapons
 b - a +2 vampiric demon trident
 g - a +0 short sword
 s - a +0 falchion
Missiles
 h - a throwing net
 k - 13 poisoned darts
Armour
 a - a +0 robe (worn)
 d - a +2 pair of boots
Magical Staves
 f - a staff of fire
 j - a staff of air (weapon)
Scrolls
 e - a scroll of enchant weapon
 i - a scroll of vulnerability {unknown}
 n - a scroll of noise {unknown}
 q - a scroll of fear {unknown}
 r - a scroll of poison
 u - a scroll of blinking {unknown}
Potions
 c - 2 potions of brilliance
 l - 2 potions of haste {unknown}
 m - 3 potions of might
 o - a potion of heal wounds {unknown}
 p - a potion of magic
 t - 2 potions of cancellation
 v - a potion of experience {unknown}


   Skills:
 + Level 2.9 Dodging
 + Level 2.2 Stealth
 + Level 4.1 Spellcasting
 + Level 4.2 Conjurations
 + Level 6.8 Air Magic


You had 4 spell levels left.
You knew the following spells:

 Your Spells              Type           Power      Damage    Failure   Level
a - Shock                 Conj/Air       100%       1d9       1%          1
b - Static Discharge      Conj/Air       62%        2-5/arc   2%          2
c - Swiftness             Air            38%        N/A       3%          3
d - Summon Lightning Spi  Summ/Air       21%        N/A       38%         4

Your spell library contained the following spells:

 Spells                   Type           Power      Damage    Failure   Level
 Airstrike                Air            19%        2d(3-19)  10%         4
 Necrotise                Necr           12%        1d4       17%         1
 Dazzling Flash           Conj/Hex       20%        N/A       21%         3
 Stone Arrow              Conj/Erth      20%        3d8       21%         3
 Vampiric Draining        Necr           3%         2d6       45%         3
 Animate Armour           Summ/Erth      6%         N/A       86%         4
 Silence                  Hex/Air        10%        N/A       75%         5
 Agony                    Necr           3%         N/A       99%         5
 Storm Form               Tmut/Air       10%        N/A       100%        7
 Lehudib's Crystal Spear  Conj/Erth      5%         10d3      100%        8
 Maxwell's Capacitive Co  Air            19%        ∞         100%        8


Dungeon Overview and Level Annotations

Branches:
Dungeon (5/15)              Sewer (visited)
 Temple: D:4-7

Altars:
Cheibriados

Shops:
D:1 :   D:2 (*


Innate Abilities, Weirdness & Mutations

You have a beak for a mouth.
You have claws for feet.
Your magical nature lets you fly swiftly and evasively.
You are agile. (Dex +4, Str/Int -1)
Your system is resistant to poisons. (rPois)
Your movements are slightly less encumbered by armour. (ER -2)


Message History

Confirm with . or Enter, or press ? or * to list all spells.
Aiming: Shock (safe; 1% risk of failure)
Press: ? - help, Shift-Dir - straight line, f/p - ice beast
Aim: an ice beast (heavily wounded, 74% to hit)
You feel a surge of power!
The zap misses the ice beast.
Casting: Shock (safe; 1% risk of failure)
Confirm with . or Enter, or press ? or * to list all spells.
Aiming: Shock (safe; 1% risk of failure)
Press: ? - help, Shift-Dir - straight line, f - quokka, p - ice beast
Aim: a quokka (64% to hit)
You feel a surge of power!
The zap hits the ice beast but does no damage.
The ice beast is heavily wounded.
The zap hits the quokka.
You kill the quokka!
The ice beast barely misses you.
Casting: Shock (safe; 1% risk of failure)
Confirm with . or Enter, or press ? or * to list all spells.
Aiming: Shock (safe; 1% risk of failure)
Press: ? - help, Shift-Dir - straight line, f - ice beast
Aim: an ice beast (heavily wounded, 74% to hit)
You feel a surge of power!
The zap misses the ice beast.
The ice beast hits you. The ice beast freezes you!
Casting: Shock (safe; 1% risk of failure)
Confirm with . or Enter, or press ? or * to list all spells.
Aiming: Shock (safe; 1% risk of failure)
Press: ? - help, Shift-Dir - straight line, f/p - ice beast
Aim: an ice beast (heavily wounded, 74% to hit)
You feel a surge of power!
The zap hits the ice beast.
The ice beast is severely wounded.
The ice beast hits you. The ice beast freezes you!
* * * LOW HITPOINT WARNING * * *
You can't see any enemies this would affect, really read the scroll of poison?
Okay, then.
Casting: Shock (safe; 1% risk of failure)
Confirm with . or Enter, or press ? or * to list all spells.
You feel a surge of power!
You feel quick. The ice beast hits you.
* * * LOW HITPOINT WARNING * * *
The ice beast freezes you!
You die...

....# #...........#.#.# #.# ....#
###########.#...# #.# ###.###
#.#...# #.# #.....# #.#...# #.#
#.##..##### #.#...# #.#
#.##......## ##...#.# #.#
#.###.###..#####......# #.# #.#
#.# ##.....#..#############.# #.#
#.# ##......@.............#.#
#.###.....[....Y#############.#.#
...............>+ #.#.#
#+####..........# #.#.#
..........# #.#.# #..........#
#.#.# #..........# #.#.# .......
#.... #####


You could see an ice beast.

Vanquished Creatures
  A necrophage (D:5)
  A jelly (D:5)
  A gnoll bouda (D:5)
  A mummy (D:3)
  4 gnolls (D:5)
  11 adders
  5 river rats (Sewer)
  4 worms
  3 dart slugs
  An orc (D:5)
  10 ball pythons
  4 endoplasms
  4 giant cockroaches
  9 goblins
  9 hobgoblins
  6 quokkas
  6 bats
  5 frilled lizards
  15 kobolds
  33 rats
133 creatures vanquished.

Notes
Turn   | Place    | Note
-------+----------+-------------------------------------------
     0 | D:1      | HyperVT the Tengu Air Elementalist began the quest for the
                  | Orb.
     0 | D:1      | Reached XP level 1. HP: 10/10 MP: 4/4
   377 | D:1      | Reached XP level 2. HP: 13/15 MP: 1/6
   437 | D:1      | Found Duthyidy's Vocational Training.
  1707 | D:2      | Reached XP level 3. HP: 19/19 MP: 3/7
  1898 | D:2      | Learned a level 2 spell: Static Discharge
  1902 | D:2      | Learned a level 3 spell: Swiftness
  2019 | D:2      | Found Tiywotiwom's General Store.
  2022 | D:2      | Bought a scroll of identify for 24 gold pieces
  2254 | D:2      | Reached skill level 5 in Air Magic
  2513 | D:2      | Found Ustreps's Weapon Shop.
  2521 | D:2      | Reached XP level 4. HP: 19/24 MP: 0/9
  3357 | D:3      | Gained mutation: You are somewhat resistant to further
                  | mutation. [potion of mutation]
  3619 | D:3      | Found a snail-covered altar of Cheibriados.
  3761 | D:3      | Gained mutation: Your magical nature lets you fly swiftly
                  | and evasively. [Tengu growth]
  3761 | D:3      | Reached XP level 5. HP: 28/28 MP: 7/10
  3998 | D:4      | Identified a scroll of acquirement
  4067 | D:4      | Acquired a book of the Sky
  4074 | D:4      | Learned a level 4 spell: Summon Lightning Spire
  4190 | D:4      | Noticed a nameless horror
  4197 | D:4      | Noticed a black bear
  4326 | D:5      | Entered Level 5 of the Dungeon
  4410 | D:5      | Reached skill level 6 in Air Magic
  4490 | D:5      | Reached XP level 6. HP: 32/32 MP: 6/11
  4797 | D:5      | Noticed an ice beast
  4946 | D:5      | Found a glowing drain.
  4959 | Sewer    | Entered a sewer
  5314 | Sewer    | Lost mutation: You are somewhat resistant to further
                  | mutation. [potion of mutation]
  5314 | Sewer    | Gained mutation: You are agile. (Dex +4, Str/Int -1)
                  | [potion of mutation]
  5314 | Sewer    | Gained mutation: Your movements are slightly less
                  | encumbered by armour. (ER -2) [potion of mutation]
  5314 | Sewer    | Gained mutation: Your system is resistant to poisons.
                  | (rPois) [potion of mutation]
  5869 | D:5      | Reached XP level 7. HP: 36/36 MP: 5/14
  6070 | D:5      | Slain by an ice beast

Illustrated notes

Levels and vault maps discovered:
D:1:      dpeg_arrival_boxes_within_box, layout_loops_corners,
          nicolae_shop_vocational
D:2:      layout_basic, serial_shops, nicolae_shop_advertising_works
          [nicolae_subvault_shop_adworks], nicolae_shop_statue_plus
D:3:      layout_basic, slow_altar_2
D:4:      layout_rooms, mainiacjoe_overflow_six_doors_small,
          minmay_temple_entry_trees, minmay_liquid_box, serial_bayou_pond_b,
          chequers_serial_rivers_room_b, corexii_checkpoint_a
D:5:      layout_basic, lightli_sewer_entry_pipes,
          amcnicky_mini_corridor_feature

Skill      XL: |  1  2  3  4  5  6 |
---------------+-------------------+-----
Air Magic      | 5 6 |  6.8
Conjurations   | 2 3 4 |  4.2
Spellcasting   | 3 4 |  4.1
Dodging        | |  2.9
Stealth        | |  2.2

Action                   |  1- 3 |  4- 6 |  7- 9 || total
-------------------------+-------+-------+-------++-------
Melee: Kick              |     2 |       |       ||     2
       Unarmed           |     1 |       |       ||     1
       Staff             |     1 |       |       ||     1
       Peck              |     1 |       |       ||     1
 Cast: Shock             |    68 |   167 |     7 ||   242
       Static Discharge  |     1 |     6 |       ||     7
       Swiftness         |     1 |     2 |     1 ||     4
  Use: Scroll            |     2 |    11 |       ||    13
       Potion            |       |     5 |       ||     5
Armor: Robe              |     1 |     4 |       ||     5
       Chain mail        |     3 |       |       ||     3
Dodge: Dodged            |     8 |    42 |     1 ||    51

Table legend: (Time is in decaauts)
 A = Elapsed time spent in this place.
 B = Non-inter-level travel time spent in this place.
 C = Inter-level travel time spent in this place.
 D = Time resting spent in this place.
 E = Time spent auto-exploring this place.
 F = Levels seen in this place.
 G = Mean time per level.
                   A        B        C        D        E       F      G
               +--------+--------+--------+--------+--------+-----+--------+
         Total |   5949 |   5012 |    937 |   1343 |   2572 |   6 |  991.5 |
       Dungeon |   5113 |   4176 |    937 |    983 |   2414 |   5 | 1022.6 |
         Sewer |    835 |    835 |      0 |    360 |    158 |   1 |  835.0 |
               +--------+--------+--------+--------+--------+-----+--------+

Top non-repeatable levels by time:
     D:1: 1774 daAuts
     D:2: 1216 daAuts
     D:3: 876 daAuts
   Sewer: 835 daAuts
     D:5: 820 daAuts
     D:4: 425 daAuts
